 Dungeon Crawl Stone Soup version 0.28.0-45-g0d030f2227 (webtiles) character file.

Game seed: 8998717080273334405

70 Ablot the Grasshopper (level 4, -6/38 HPs)
             Began as a Gnoll Warper on Apr 1, 2022.
             Mangled by an iguana (12 damage)
             ... on level 3 of the Dungeon.
             The game lasted 00:01:36 (2315 turns).

Ablot the Grasshopper (Gnoll Warper)                Turns: 2315, Time: 00:01:37

Health: -6/38      AC:  4    Str: 12    XL:     4   Next: 22%
Magic:  11/11      EV: 12    Int: 13    God:
Gold:   78         SH:  0    Dex: 11    Spells: 11/13 levels left

rFire   . . .      SeeInvis .   a - +0 spear
rCold   . . .      Faith    .   (no shield)
rNeg    . . .      Spirit   .   b - +0 leather armour
rPois   .          Reflect  .   (no helmet)
rElec   .          Harm     .   (no cloak)
rCorr   .          Rampage  .   n - +0 pair of gloves
Will    .....                   (no boots)
Stlth   +.........              (no amulet)
HPRegen 0.12/turn               (no ring)
MPRegen 0.12/turn               (no ring)

@: no status effects
A: fangs 1, strong nose, distributed training
a: no special abilities


You were on level 3 of the Dungeon.
You visited 1 branch of the dungeon, and saw 3 of its levels.

You collected 78 gold pieces.

Inventory:

Hand Weapons
 a - a +0 spear (weapon)
Missiles
 d - 5 boomerangs of dispersal
 e - 86 stones
 g - 4 boomerangs (quivered)
 k - 47 arrows
 o - 26 bolts
Armour
 b - a +0 leather armour (worn)
 n - a +0 pair of gloves (worn)
Jewellery
 r - a ring of positive energy
Scrolls
 c - a scroll of blinking
 j - a scroll of immolation {unknown}
 p - a scroll of identify {unknown}
 t - a scroll of enchant weapon {unknown}
Potions
 f - a potion of curing {unknown}
 h - 2 potions of brilliance {unknown}
 i - a potion of ambrosia {unknown}
 l - a potion of flight {unknown}
 m - a potion of mutation {unknown}
 q - a potion of lignification {unknown}
 s - a potion of might {unknown}


   Skills:
 + Level 4.6 Fighting
 + Level 1.0 Short Blades
 + Level 1.0 Long Blades
 + Level 1.0 Axes
 + Level 1.0 Maces & Flails
 + Level 4.6 Polearms
 + Level 1.0 Staves
 + Level 1.0 Slings
 + Level 1.0 Bows
 + Level 1.0 Crossbows
 + Level 2.7 Throwing
 + Level 2.7 Armour
 + Level 4.6 Dodging
 + Level 1.0 Stealth
 + Level 1.0 Shields
 + Level 1.0 Unarmed Combat
 + Level 5.0 Spellcasting
 + Level 0.8 Conjurations
 + Level 0.8 Hexes
 + Level 0.8 Summonings
 + Level 0.8 Necromancy
 + Level 5.4 Translocations
 + Level 0.8 Transmutations
 + Level 0.8 Fire Magic
 + Level 0.8 Ice Magic
 + Level 0.8 Air Magic
 + Level 0.8 Earth Magic
 + Level 0.8 Poison Magic
 + Level 1.1 Invocations
 + Level 1.0 Evocations


You had 11 spell levels left.
You knew the following spells:

 Your Spells              Type           Power      Damage    Failure   Level
a - Blink                 Tloc           34%        N/A       3%          2

Your spell library contained the following spells:

 Spells                   Type           Power      Damage    Failure   Level
 Gell's Gravitas          Tloc           17%        N/A       8%          3
 Lesser Beckoning         Tloc           17%        N/A       8%          3
 Teleport Other           Tloc           17%        N/A       8%          3
 Manifold Assault         Tloc           17%        N/A       56%         5


Dungeon Overview and Level Annotations

Branches:
Dungeon (3/15)

Altars:


Innate Abilities, Weirdness & Mutations

You have very sharp teeth.
Your uncanny sense of smell can sniff out nearby items.
Your experience applies equally to all skills.


Message History

No target in view!
No target in view!
No target in view!
No target in view!
No target in view!
No target in view!
No target in view!
No target in view!
No target in view!
No target in view!
No target in view!
No target in view!
No target in view!
Unknown command.
Found a shortbow.
You now have 78 gold pieces (gained 9).
A giant cockroach, a hobgoblin and an iguana come into view.
The giant cockroach closely misses you.
You see here a +0 shortbow.
You hit the giant cockroach.
The giant cockroach is severely wounded.
The giant cockroach misses you.
You hit the giant cockroach.
You kill the giant cockroach!
You barely miss the iguana. The iguana bites you!
You hit the iguana but do no damage. Your bite misses the iguana.
The iguana bites you but does no damage.
You hit the iguana.
The iguana is moderately wounded.
You hit the iguana.
The iguana is severely wounded.
The iguana bites you!
You hit the iguana.
The iguana is almost dead.
The iguana bites you!
* * * LOW HITPOINT WARNING * * *
You hit the iguana but do no damage.
The iguana is almost dead.
The iguana bites you!
You die...

# #.##.#####.# #. #.##.##
##.## #.#####.#...###...#####
###...............#.......
..........#...###...#.####
####..#....##.#####.##.#
g...................##.#
###...#..###.#####.##.##
#......)l@.####...#..#####
...........#####............#
######.#.........#...##......
#.#....#######.###.###.#
#"#...... ..#. #.# .#
.......... ### # #.# .#
#.####.##.# #.# .# #. .# .#
#.###.# ##......


You could see an iguana.

Vanquished Creatures
  A howler monkey zombie (D:3)
  3 adders
  A dart slug (D:2)
  An endoplasm (D:2)
  3 giant cockroaches
  2 goblins (D:2)
  3 hobgoblins
  2 jackals (D:2)
  2 quokkas
  2 ball pythons (D:1)
  4 bats
  A frilled lizard (D:2)
  A kobold (D:1)
  5 rats
31 creatures vanquished.

Notes
Turn   | Place    | Note
-------+----------+-------------------------------------------
     0 | D:1      | Ablot the Gnoll Warper began the quest for the Orb.
     0 | D:1      | Reached XP level 1. HP: 20/20 MP: 6/6
   426 | D:1      | Reached XP level 2. HP: 26/26 MP: 7/7
   429 | D:1      | Learned a level 2 spell: Blink
  1069 | D:2      | Reached skill level 5 in Spellcasting
  1069 | D:2      | Reached XP level 3. HP: 31/31 MP: 7/9
  1226 | D:2      | Found a faded altar of an unknown god.
  1888 | D:3      | Reached skill level 1 in Invocations
  2033 | D:3      | Reached skill level 1 in Short Blades
  2033 | D:3      | Reached skill level 1 in Long Blades
  2033 | D:3      | Reached skill level 1 in Axes
  2033 | D:3      | Reached skill level 1 in Maces & Flails
  2033 | D:3      | Reached skill level 1 in Staves
  2033 | D:3      | Reached skill level 1 in Slings
  2033 | D:3      | Reached skill level 1 in Bows
  2033 | D:3      | Reached skill level 1 in Crossbows
  2033 | D:3      | Reached skill level 1 in Stealth
  2033 | D:3      | Reached skill level 1 in Shields
  2033 | D:3      | Reached skill level 1 in Unarmed Combat
  2033 | D:3      | Reached skill level 1 in Evocations
  2033 | D:3      | Reached XP level 4. HP: 31/38 MP: 11/11
  2315 | D:3      | Mangled by an iguana

Illustrated notes

Levels and vault maps discovered:
D:1:      minmay_arrival_four_houses, layout_basic
D:2:      layout_loops_ring, hellmonk_ecumenical_altar_slurped_away
D:3:      layout_loops_ring, grunt_decor_one_mirror

Skill      XL: |  1  2  3 |
---------------+----------+-----
Spellcasting   | 5 |  5.0
Invocations    | 1 |  1.1
Short Blades   | 1 |  1.0
Long Blades    | 1 |  1.0
Axes           | 1 |  1.0
Maces & Flails | 1 |  1.0
Staves         | 1 |  1.0
Slings         | 1 |  1.0
Bows           | 1 |  1.0
Crossbows      | 1 |  1.0
Stealth        | 1 |  1.0
Shields        | 1 |  1.0
Unarmed Combat | 1 |  1.0
Evocations     | 1 |  1.0
Fighting       | |  4.6
Polearms       | |  4.6
Throwing       | |  2.7
Armour         | |  2.7
Dodging        | |  4.6
Conjurations   | |  0.8
Hexes          | |  0.8
Summonings     | |  0.8
Necromancy     | |  0.8
Translocations | |  5.4
Transmutations | |  0.8
Fire Magic     | |  0.8
Ice Magic      | |  0.8
Air Magic      | |  0.8
Earth Magic    | |  0.8
Poison Magic   | |  0.8

Action                   |  1- 3 |  4- 6 || total
-------------------------+-------+-------++-------
Melee: Spear             |   115 |    25 ||   140
       Punch             |     2 |       ||     2
       Bite              |     3 |     1 ||     4
 Stab: Sleeping          |     2 |       ||     2
Armor: Leather armour    |    16 |     5 ||    21
Dodge: Dodged            |    57 |    10 ||    67
